 Dungeon Crawl Stone Soup version 0.26.0-16-gc1dbca0489 (webtiles) character file.

Game seed: 13508884541931962896

9270 littlecub the Fighter (level 11, -5/105 HPs)
             Began as a Minotaur Fighter on Jan 21, 2021.
             Was a High Priest of Okawaru.
             Killed from afar by a wizard (19 damage)
             ... with a lance of force
             ... on level 10 of the Dungeon.
             The game lasted 00:15:45 (11188 turns).

littlecub the Fighter (Minotaur Fighter)           Turns: 11188, Time: 00:15:45

Health: -5/105     AC: 11    Str: 23    XL:     11   Next: 20%
Magic:  0/14       EV: 19    Int:  8    God:    Okawaru [*****.]
Gold:   716        SH: 11    Dex: 11    Spells: 10/10 levels left

rFire    . . .     SeeInvis .   n - +1 long sword (elec)
rCold    . . .     Faith    .   c - +0 kite shield
rNeg     . . .     Spirit   +   v - +0 ring mail "Cesicouck" {Int+3} (curse)
rPois    .         Reflect  .   (helmet restricted)
rElec    .         Harm     .   (no cloak)
rCorr    .         Rampage  .   F - +2 pair of gloves
Will     .....                  (no boots)
Stlth    ++........             D - amulet of guardian spirit
HPRegen  0.27/turn              E - +4 ring of evasion
MPRegen  0.14/turn              (no ring)

@: lethally poisoned (-5 -> -5), heroism
A: retaliatory headbutt, horns 2
a: Renounce Religion, Heroism, Finesse


You were on level 10 of the Dungeon.
You worshipped Okawaru.
Okawaru was extremely pleased with you.
You visited 2 branches of the dungeon, and saw 11 of its levels.

You collected 716 gold pieces.

Inventory:

Hand Weapons
 n - a +1 long sword of electrocution (weapon)
Missiles
 g - 69 poisoned darts (quivered)
Armour
 c - a +0 kite shield (worn)
 v - the cursed +0 ring mail "Cesicouck" (worn) {Int+3}
   (You found it on level 5 of the Dungeon)

   It affects your intelligence (+3).
   It has a curse placed upon it.
 z - a +0 pair of gloves
 F - a +2 pair of gloves (worn)
Jewellery
 D - an amulet of guardian spirit (around neck)
 E - a +4 ring of evasion (left hand)
Wands
 r - a wand of paralysis (11)
 C - a wand of flame (19)
 G - a wand of digging (6)
 J - a wand of enslavement (5)
Scrolls
 a - 3 scrolls of immolation
 f - 7 scrolls of teleportation
 h - a scroll of random uselessness {unknown}
 i - 2 scrolls of fog
 k - 4 scrolls of amnesia
 q - a scroll of magic mapping
 s - 2 scrolls of enchant armour
 x - a scroll of blinking
 y - a scroll of remove curse
 B - a scroll of torment
 H - a scroll of brand weapon {unknown}
 I - 2 scrolls of fear
 K - a scroll of enchant weapon
Potions
 b - a potion of brilliance {unknown}
 d - a potion of might
 e - 2 potions of mutation
 j - 2 potions of attraction
 l - 2 potions of berserk rage {unknown}
 m - a potion of cancellation {unknown}
 o - 4 potions of flight
 p - 2 potions of haste {unknown}
 t - 2 potions of magic {unknown}
 u - 4 potions of curing {unknown}
 w - a potion of resistance
 A - a potion of heal wounds {unknown}


   Skills:
 * Level 12.7(17.7) Fighting
 * Level 12.5(17.5) Long Blades
 + Level 7.1(12.1) Armour
 + Level 5.3(10.3) Dodging
 - Level 3.6(8.6) Shields
 + Level 5.7 Invocations


You had 10 spell levels left.
You didn't know any spells.
Your spell library contained the following spells:

 Spells                   Type           Power        Failure   Level
 Animate Skeleton         Necr           0%           80%         1
 Apportation              Tloc           0%           80%         1
 Beastly Appendage        Tmut           0%           80%         1
 Corona                   Hex            0%           80%         1
 Freeze                   Ice            0%           80%         1
 Magic Dart               Conj           0%           80%         1
 Sandblast                Erth           0%           80%         1
 Shock                    Conj/Air       0%           80%         1
 Sting                    Tmut/Pois      0%           80%         1
 Summon Small Mammal      Summ           0%           80%         1
 Poisonous Vapours        Pois/Air       0%           91%         2
 Searing Ray              Conj           0%           91%         2
 Dazzling Flash           Conj/Hex       0%           99%         3
 Frozen Ramparts          Ice            0%           99%         3
 Ignite Poison            Fire/Tmut/Pois 0%           99%         3
 Mephitic Cloud           Conj/Pois/Air  0%           99%         3
 Fulminant Prism          Conj/Hex       0%           100%        4
 Ice Form                 Ice/Tmut       0%           100%        4
 Iskenderun's Mystic Bla  Conj/Tloc      0%           100%        4
 Olgreb's Toxic Radiance  Pois           0%           100%        4
 Bolt of Magma            Conj/Fire/Erth 0%           100%        5
 Irradiate                Conj/Tmut      0%           100%        5
 Yara's Violent Unravell  Hex/Tmut       0%           100%        5
 Freezing Cloud           Conj/Ice/Air   0%           100%        6
 Iron Shot                Conj/Erth      0%           100%        6


Dungeon Overview and Level Annotations

Branches:
Dungeon (10/15)            Temple (1/1) D:4            Lair (0/6) D:10
    Orc: D:9-12

Altars:
Ashenzari
Cheibriados
Dithmenos
Elyvilon
Gozag
Hepliaklqana
Kikubaaqudgha
Makhleb
Nemelex Xobeh
Okawaru
Qazlal
Ru
Sif Muna
Trog
Uskayaw
Vehumet
Wu Jian
Xom
Yredelemnul
Zin
The Shining One

Shops:
D:7 }

Annotations:
D:4 3 runed translucent doors, ardl's ghost, amateur VSAM
D:10 Fannar


Innate Abilities, Weirdness & Mutations

You reflexively headbutt those who attack you in melee.
You have a pair of horns on your head.


Message History

You feel troubled. The wizard hits you but does no damage.
You block Fannar's attack. You block the kobold's attack.
You hit the wizard. Lightning courses through the wizard!
The wizard is heavily wounded.
The ice beast hits you but does no damage.
The wizard points at you and mumbles some strange words.
The lance of force hits you!
* * * LOW HITPOINT WARNING * * *
You are knocked back by the lance of force.
You slam into the crystal wall!
* * * LOW HITPOINT WARNING * * *
Okay, then.
You gain the combat prowess of a mighty hero.
The ice beast closely misses you.
You riposte.
You barely miss the ice beast. You headbutt the ice beast!
The ice beast is moderately wounded.
The wizard casts a spell at you. The lance of force hits you!!
You die...

....# (. ....
##.### ###.#
...... ...... #.#
#. ..##......
###.# #.##.......
....# ###........
##### #.....)K)##
# #.#....pF.## #
#.#..)eYY..## #
###.#..p.@....#
##.
(.....)()##....#
# .########..).##
.§.##
..........(##
.§## #.####....##
## ##.#.......§##
.#.#...#..§..##
.#.#...#....§.##
.#.#.......§.§§##


You could see Fannar (icy armour, resistant), 2 wizards, 2 ice beasts, a
bullfrog and a kobold.

Vanquished Creatures
  4 two-headed ogres
  A wizard (D:10)
  Joseph (D:8)
  A troll (D:10)
  Sigmund (D:2)
  A steam dragon (D:9)
  3 wargs (D:10)
  2 ice beasts
  3 sky beasts
  A black bear (D:7)
  2 orc warriors
  2 necrophages
  8 ogres
  2 centaurs
  3 big kobolds
  5 bullfrogs
  A water moccasin zombie (D:5)
  A wyvern skeleton (D:9)
  2 scorpions
  6 killer bees (D:10)
  11 wights
  A howler monkey (D:6)
  A centaur zombie (D:7)
  A quasit (D:7)
  A bullfrog zombie (D:7)
  A gnoll shaman (D:10)
  3 jellies
  12 orc priests
  2 centaur skeletons
  6 hounds
  10 orc wizards
  Jessica (D:3)
  Terence (D:2)
  3 iguanas
  Natasha (D:2)
  9 worker ants
  2 howler monkey zombies
  10 gnolls
  6 adders
  A howler monkey skeleton (D:6)
  4 shadow imps
  4 white imps
  An ufetubus (D:5)
  An adder skeleton (D:8)
  2 adder zombies
  4 worms
  4 dart slugs (D:1)
  5 leopard geckos
  37 orcs
  2 ball pythons
  3 giant cockroaches
  10 goblins
  8 hobgoblins
  29 jackals
  8 quokkas
  8 bats
  8 frilled lizards
  2 jackal skeletons (D:6)
  21 kobolds
  2 leopard gecko skeletons
  A quokka skeleton (D:4)
  A quokka zombie (D:5)
  8 rats
306 creatures vanquished.

Notes
Turn   | Place    | Note
-------+----------+-------------------------------------------
     0 | D:1      | littlecub the Minotaur Fighter began the quest for the Orb.
     0 | D:1      | Reached XP level 1. HP: 19/19 MP: 0/0
   179 | D:1      | Reached XP level 2. HP: 27/27 MP: 1/1
   356 | D:1      | Reached XP level 3. HP: 34/34 MP: 2/2
   893 | D:2      | Noticed a +0 hand axe
   894 | D:2      | Noticed a +0 hand axe
   906 | D:2      | Found a hide-covered altar of Uskayaw.
   914 | D:2      | Reached XP level 4. HP: 34/41 MP: 3/3
   920 | D:2      | Reached skill level 5 in Fighting
  1149 | D:2      | Noticed Sigmund
  1158 | D:2      | Killed Sigmund
  1159 | D:2      | Reached skill level 5 in Long Blades
  1159 | D:2      | Reached XP level 5. HP: 38/50 MP: 4/4
  1274 | D:2      | Noticed Natasha
  1277 | D:2      | Killed Natasha
  1278 | D:2      | Reached XP level 6. HP: 58/58 MP: 5/5
  1332 | D:2      | Noticed Terence
  1346 | D:2      | Killed Terence
  1884 | D:3      | Found a faded altar of an unknown god.
  1895 | D:3      | Noticed Jessica
  1906 | D:3      | Killed Jessica
  2011 | D:3      | Found a radiant altar of Vehumet.
  2354 | D:3      | Reached XP level 7. HP: 42/66 MP: 6/6
  2920 | D:4      | Found a staircase to the Ecumenical Temple.
  3079 | Temple   | Entered the Ecumenical Temple
  3175 | Temple   | Became a worshipper of Warmaster Okawaru
  3639 | D:4      | Found a runed translucent gate.
  3640 | D:4      | Found a runed translucent gate.
  3640 | D:4      | Noticed ardl's ghost (amateur VSAM)
  3642 | D:4      | Found a runed translucent gate.
  3791 | D:4      | Found a shadowy altar of Dithmenos.
  3794 | D:4      | Found a sacrificial altar of Ru.
  3952 | D:4      | Found a stormy altar of Qazlal.
  4279 | D:5      | Entered Level 5 of the Dungeon
  4302 | D:5      | Reached * piety under Okawaru
  4529 | D:5      | Reached XP level 8. HP: 34/75 MP: 7/7
  4795 | D:5      | Reached skill level 1 in Invocations
  5465 | D:5      | Got a jewelled ring mail
  5476 | D:5      | Identified the cursed +0 ring mail "Cesicouck" {Int+3} (You
                  | found it on level 5 of the Dungeon)
  5622 | D:5      | Identified the Collected Works on Weightlessness and
                  | Transmutation
  5862 | D:6      | Reached ** piety under Okawaru
  5960 | D:6      | Reached skill level 10 in Fighting
  6247 | D:6      | Reached XP level 9. HP: 80/85 MP: 10/10
  6430 | D:6      | Reached skill level 10 in Long Blades
  6444 | D:6      | Reached skill level 1 in Dodging
  7450 | D:7      | Found Ilaps's Gadget Shop.
  7481 | D:7      | Reached *** piety under Okawaru
  7795 | D:8      | Noticed a two-headed ogre
  7804 | D:8      | Killed a two-headed ogre
  7805 | D:8      | Reached skill level 5 in Armour
  8019 | D:8      | Noticed Joseph
  8028 | D:8      | Killed Joseph
  8028 | D:8      | Reached **** piety under Okawaru
  8029 | D:8      | Reached XP level 10. HP: 67/96 MP: 12/12
  9652 | D:9      | Noticed a two-headed ogre
  9660 | D:9      | Killed a two-headed ogre
  9661 | D:9      | Reached skill level 5 in Invocations
 10040 | D:10     | Entered Level 10 of the Dungeon
 10040 | D:10     | Noticed a two-headed ogre
 10041 | D:10     | Found a staircase to the Lair.
 10056 | D:9      | Killed a two-headed ogre
 10056 | D:9      | Reached ***** piety under Okawaru
 10492 | D:10     | Identified the Incunabulum of Earth and the Frostbite
 10807 | D:10     | Reached XP level 11. HP: 105/105 MP: 14/14
 11006 | D:10     | Reached skill level 5 in Dodging
 11150 | D:10     | Noticed a wizard
 11150 | D:10     | Noticed a two-headed ogre
 11152 | D:10     | Noticed a wizard
 11155 | D:10     | Noticed a wizard
 11157 | D:10     | Noticed Fannar
 11158 | D:10     | Killed a wizard
 11160 | D:10     | Killed a two-headed ogre
 11160 | D:10     | Received a gift from Okawaru
 11179 | D:10     | Paralysed by a wizard for 7 turns
 11188 | D:10     | Killed from afar by a wizard

Illustrated notes

Levels and vault maps discovered:
D:1:      matt_arrival_refuge, layout_basic, minmay_tromino_v4_a
D:2:      layout_loops_ring, dancing_weapons_uskayaw, uniq_natasha,
          uniq_sigmund, uniq_terence
D:3:      layout_loops_ring, vehumet_crystals, chequers_ecumenical_altar_simple,
          grunt_ministairs_4, uniq_jessica
D:4:      layout_basic, nicolae_overflow_hidden_temple,
          minmay_temple_entry_proselytizer, ebering_ghost_rock_garden,
          grunt_qazlal_clouds
D:5:      minmay_recursive_quarters, layout_loops_ring
D:6:      minmay_chambers_of_fours, layout_basic
D:7:      layout_loops_ring, serial_shops, kennysheep_mini_moat
D:8:      layout_cave_pods, uniq_joseph
D:9:      layout_layer_cave
D:10:     minmay_smoke_and_mirrors, layout_basic, erik_lair_orcish_takeover,
          uniq_fannar
Temple:   eino_temple_rhombus

Skill      XL: |  1  2  3  4  5  6  7  8  9 10 11 |
---------------+----------------------------------+-----
Fighting       | 4 6 7 8 10 11 12 | 12.7
Long Blades    | 3 4 5 6 8 9 11 12 | 12.5
Invocations    | 3 4 5 |  5.7
Dodging        | 3 4 5 |  5.3
Armour         | 5 6 7 |  7.1
Shields        | |  3.6

Action                   |  1- 3 |  4- 6 |  7- 9 | 10-12 || total
-------------------------+-------+-------+-------+-------++-------
Melee: Long sword        |    75 |   129 |   295 |   228 ||   727
       Headbutt          |    13 |    24 |    48 |    49 ||   134
Invok: Heroism           |       |       |     1 |     1 ||     2
  Use: Scroll            |       |       |    10 |     6 ||    16
Armor: Scale mail        |    42 |    53 |    50 |       ||   145
       Ring mail         |       |       |    30 |    56 ||    86
Dodge: Dodged            |    16 |    38 |    73 |   103 ||   230
Block: Kite shield       |    33 |    60 |   122 |   103 ||   318
       Rpst.: Long sword |     2 |     8 |    22 |    27 ||    59
